 Dungeon Crawl Stone Soup version 0.23-a0-319-gb40ba49 (webtiles) character file.

3 namelastname112 the Gusty (level 1, 0/16 HPs)
             Began as a Draconian Wanderer on Oct 14, 2018.
             Slain by a bat (1 damage)
             ... on level 1 of the Dungeon.
             The game lasted 00:00:25 (54 turns).

namelastname112 the Gusty (Draconian Wanderer)        Turns: 54, Time: 00:00:25

Health: 0/16       AC:  4    Str: 13    XL:     1   Next: 41%
Magic:  3/3        EV: 11    Int: 11    God:
Gold:   0          SH:  0    Dex: 12    Spells: 4/4 levels left

rFire    . . .     SeeInvis .   d - +0 club
rCold    . . .     Gourm    .   (no shield)
rNeg     . . .     Faith    .   (armour unavailable)
rPois    .         Spirit   .   (helmet restricted)
rElec    .         Reflect  .   (no cloak)
rCorr    .         Harm     .   (no gloves)
MR       .....                  (no boots)
Stlth    +.........             (no amulet)
HPRegen  0.05/turn              (no ring)
MPRegen  0.08/turn              (no ring)

@: no status effects
A: unfitting armour, cold-blooded, AC +4
a: no special abilities


You were on level 1 of the Dungeon.
You were not hungry.

You visited 1 branch of the dungeon, and saw 1 of its levels.

Inventory:

Hand Weapons
 d - a +0 club (weapon)
Jewellery
 a - an uncursed ring of fire
Wands
 c - a wand of random effects (15)
Scrolls
 e - a scroll of enchant armour {unknown}
Potions
 b - a potion of curing
Comestibles
 f - 2 rations


   Skills:
 + Level 1.4 Fighting
   Level 2.0 Axes
 + Level 0.4 Dodging
   Level 1.0 Shields
 - Level 2.0 Spellcasting
   Level 3.0 Air Magic
 - Level 1.0 Evocations


You had 4 spell levels left.
You didn't know any spells.
Your spell library contained the following spells:

 Spells                   Type           Power        Failure   Level  Hunger
 Magic Dart               Conj           #...         28%         1    ##.....
 Blink                    Tloc           N/A          41%         2    ###....
 Call Imp                 Summ           #.......     41%         2    ###....
 Slow                     Hex            #.......     41%         2    ###....
 Mephitic Cloud           Conj/Pois/Air  #.......     50%         3    ####...
 Conjure Flame            Conj/Fire      #.......     65%         3    ####...


Dungeon Overview and Level Annotations

Branches:
Dungeon (1/15)

Altars:


Innate Abilities, Weirdness & Mutations

Your plain brown scales are hard. (AC +4)
You cannot fit into any form of body armour.
You are cold-blooded and may be slowed by cold attacks.


Message History

The leopard gecko barely misses you. The goblin hits you but does no damage.
The bat barely misses you. The kobold hits you but does no damage.
You take 6 damage, and have 10/16 hp.
MASSIVE DAMAGE!!
You hit the goblin but do no damage.
The goblin is almost dead.
The bat hits you. The leopard gecko bites you. The kobold closely misses you.
The goblin hits you. The leopard gecko bites you.
* * * LOW HITPOINT WARNING * * *
You take 8 damage, and have 2/16 hp.
MASSIVE DAMAGE!!
You are too injured to fight recklessly!
You are too injured to fight recklessly!
The kobold barely misses you. The leopard gecko misses you.
The bat completely misses you. The bat hits you but does no damage.
The leopard gecko barely misses you. The bat hits you.
* * * LOW HITPOINT WARNING * * *
The bat hits you but does no damage.
You take 1 damage, and have 1/16 hp.
You barely miss the bat. The bat hits you but does no damage. The bat hits you.
You die...

####...######
.#................
..?.?.............
##.#..##############
#.....#≈≈≈≈≈≈≈<≈≈≈≈§ ##.
#..#..#≈≈§§§≈≈.≈≈≈≈§
#...####.....#§§≈≈......§§§
#.(.....g##..#≈≈..........§
#.......lb@..#§(§..........
##.########..#≈............
#..###..8.###.8..
#..#g#...........
#..#######'''####
#...##....[......
##..##...........
#...###.......##
###...##'''''##


You could see a leopard gecko, a goblin and a bat.

Vanquished Creatures
  A giant cockroach (D:1)
  2 frilled lizards (D:1)
  A kobold (D:1)
4 creatures vanquished.

Notes
Turn   | Place    | Note
-------+----------+-------------------------------------------
     0 | D:1      | namelastname112 the Draconian Wanderer began the quest for
                  | the Orb.
     0 | D:1      | namelastname112 set off with: a potion of curing, a wand of
                  | random effects (15), a +0 club, a ration
     0 | D:1      | Reached XP level 1. HP: 16/16 MP: 3/3
    54 | D:1      | Slain by a bat

Vault maps used:
D:1:      lordsloth_arrival_two_stooges

Action                   || total
-------------------------++-------
Melee: Club              ||    12
       Tailslap          ||     1
Armor: Skin              ||     9
Dodge: Dodged            ||    15

Table legend:
 A = Non-vault XP
 B = Vault XP
 C = Vault XP percentage of total XP
 D = Non-vault monster count
 E = Vault monster count
 F = Vault count percentage of total count
                 A         B        C        D         E       F
            +---------+---------+-------+---------+---------+-------
      Total |       5 |       0 |   0.0 |       4 |       0 |   0.0
            +---------+---------+-------+---------+---------+-------
        D:1 |       5 |       0 |   0.0 |       4 |       0 |   0.0
            +---------+---------+-------+---------+---------+-------
